Predateurs vs Blues

Created - 14 mars 2022 at 17:06

Goals
1 2 3 T
Predateurs 1 1 0 2
Blues 2 2 1 5
Shots
1 2 3 T
Predateurs 9 7 4 20
Blues 11 6 8 25

GoalsPenalties
1st period
1. Blues , Brett Kulak 2 (Valeri Nichushkin 28, Tyler Bozak 18) at 4:05 (PP)
2. Blues , Radko Gudas 7 (Colin Blackwell 10, Brendan Lemieux 10) at 5:47
3. Predateurs , Filip Forsberg 36 (Denis Gurianov 27, Brady Skjei 30) at 12:47
Stephen Johns (NAS) for Holding Stick (Minor) at 0:51
Jamie Benn (NAS) for High sticking (Minor) at 3:59
Stephen Johns (NAS) for Tripping (Minor) at 9:13
Nathan Beaulieu (NAS) for Hooking (Minor) at 14:15
2nd period
4. Blues , Micheal Ferland 1 (Tyson Barrie 33, Brett Kulak 4) at 6:12
5. Predateurs , Filip Forsberg 37 (Esa Lindell 28) at 14:14 (PP)
6. Blues , Micheal Ferland 2 (Calvin de Haan 30, Lucas Wallmark 2) at 19:27
Adam Fox (STL) for Hooking (Minor) at 12:27
Radko Gudas (STL) for Hooking (Minor) at 14:59
3rd period
7. Blues , Valeri Nichushkin 24 (Tyson Barrie 34, Tyler Bozak 19) at 15:15
Alex DeBrincat (STL) for Hooking (Minor) at 16:09
Goalie Stats
Antti Raanta (NAS), 7 saves from 8 shots - (0,875), 20:33 minutes
Pekka Rinne (NAS), 13 saves from 17 shots - (0,765), L, 29-20-4, 39:27 minutes
Thomas Greiss (STL), 18 saves from 20 shots - (0,900), W, 16-13-5, 60:00 minutes
3 StarsOfficial
1 - Micheal Ferland (STL)
2 - Brett Kulak (STL)
3 - Filip Forsberg (NAS)
Referees : Dan O'Rourke and Dan O'Halloran
Linesman : Shandor Alphonso and Jonny Murray
Game Note
Antti Raanta enters game at 19:27 of 2nd period
Justin Schultz is injured at 5:26 of 3rd period (Lower Body)



Team Name Goals Shots Shots Attemp Shots Blocked PIM HIT PP PK FO%
Predateurs 2203878271 / 3 (33%)150%
Blues 5254546261 / 4 (25%)150%

Predateurs
Player Name POS G A P +/- PIM HIT SHT SB MP PP MP PP SHT PK MP PK SHT FO% FOT
Alexander WennbergC/LW/RW000-1002011:100:0000:00043% 14
Brad RichardsonC/LW/RW000-100007:180:0000:00073% 11
Brady SkjeiD0110030225:322:4003:0500% 0
Denis GurianovLW/RW0111012017:243:0410:0000% 1
Esa LindellD0110021124:232:4013:2000% 0
Filip ForsbergLW/RW2021032020:323:0413:08050% 2
Jamie BennC0001252020:183:0402:55044% 25
Josh ArchibaldLW/RW000-1021010:130:0002:55050% 2
Justin SchultzD0000001113:252:0300:1000% 0
Leon DraisaitlC/LW/RW000-2003018:112:4100:0000% 2
Mike GreenD000-3010017:380:0002:4800% 0
Nathan BeaulieuD0000251221:273:0511:4900% 0
Ross ColtonC/LW/RW000-1000011:100:0000:000100% 1
Sidney CrosbyC000-2013018:052:4100:00050% 20
Stephen JohnsD000-3420017:261:0200:5400% 0
Teuvo TeravainenLW/RW000-2001018:052:4100:000100% 1
Trevor LewisC/LW/RW000-1010010:260:0003:08075% 4
Zach PariseLW/RW000-1011111:100:0000:0000% 1
Blues
Player Name POS G A P +/- PIM HIT SHT SB MP PP MP PP SHT PK MP PK SHT FO% FOT
Adam FoxD0001200120:122:2101:4400% 0
Alex DeBrincatLW/RW0000220017:413:1300:0000% 0
Bobby RyanRW0000031016:572:2800:000100% 1
Brendan LemieuxLW/RW011002006:300:0000:0000% 0
Brett KulakD1122021121:153:4211:4600% 0
Calvin de HaanD0111031119:150:0003:0700% 0
Colin BlackwellC011000006:300:0000:0000% 1
Evan RodriguesC/LW/RW0002003015:460:2202:510100% 1
Lucas WallmarkC0112012015:270:0002:54042% 24
Mats ZuccarelloRW0001002017:533:1310:0000% 0
Micheal FerlandLW/RW2022042012:330:0000:0000% 0
Mikael GranlundC/LW/RW0000015017:423:1300:00048% 27
Nick BjugstadC/RW000000106:300:0000:00075% 8
Radko GudasD1010252018:140:0001:5800% 0
Tyler BozakC/RW0221011020:212:5002:51050% 20
Tyson BarrieD0222011022:243:4212:5500% 0
Valeri NichushkinLW/RW1121013020:242:5002:54050% 2
Vince DunnD0000000118:382:2100:0000% 0

Predateurs

5 vs 5 Forward
Line #Left WingCenterRight WingPHYDFOFWanted %Time %Time Play
1Leon DraisaitlSidney CrosbyTeuvo Teravainen0233032%15:24
2Filip ForsbergJamie BennDenis Gurianov1223030%14:20
3Zach PariseAlexander WennbergRoss Colton1222423%11:10
4Trevor LewisBrad RichardsonJosh Archibald2211615%7:18
5 vs 5 Defense
Line #DefenseDefensePHYDFOFWanted %Time %Time Play
1Brady SkjeiEsa Lindell1223027%13:09
2Nathan BeaulieuJustin Schultz1223034%16:34
3Stephen JohnsMike Green1222428%13:19
4Brady SkjeiEsa Lindell1221611%5:10
Power Play Forward
Line #Left WingCenterRight WingPHYDFOFWanted %Time %Time Play
1Leon DraisaitlSidney CrosbyTeuvo Teravainen0145047%2:41
2Filip ForsbergJamie BennDenis Gurianov1225053%3:04
Power Play Defense
Line #DefenseDefensePHYDFOFWanted %Time %Time Play
1Brady SkjeiEsa Lindell1225046%2:40
2Nathan BeaulieuJustin Schultz1225054%3:05
Penalty Kill 4 Players Forward
Line #CenterWingPHYDFOFWanted %Time %Time Play
1Jamie BennJosh Archibald1225048%2:55
2Trevor LewisFilip Forsberg1225052%3:08
Penalty Kill 4 Players Defense
Line #DefenseDefensePHYDFOFWanted %Time %Time Play
1Brady SkjeiEsa Lindell1225051%3:05
2Nathan BeaulieuMike Green1225049%2:58
Penalty Kill 3 Players
Line #WingPHYDFOFWanted %Time %Time PlayDefenseDefensePHYDFOFWanted %Time %Time Play
1Jamie Benn122500%0:00 Brady SkjeiEsa Lindell122500%0:00
2Josh Archibald122500%0:00 Nathan BeaulieuJustin Schultz122500%0:00
4 vs 4 Forward
Line #CenterWingPHYDFOFWanted %Time %Time Play
1Sidney CrosbyLeon Draisaitl122500%0:00
2Jamie BennFilip Forsberg122500%0:00
4 vs 4 Defense
Line #DefensePHYDFOFWanted %Time %Time Play
1Brady SkjeiEsa Lindell122500%0:00
2Nathan BeaulieuStephen Johns122500%0:00
Last Minutes Offensive
Left WingCenterRight WingDefenseDefense
Leon DraisaitlSidney CrosbyTeuvo TeravainenBrady SkjeiEsa Lindell
Last Minutes Defensive
Left WingCenterRight WingDefenseDefense
Leon DraisaitlSidney CrosbyTeuvo TeravainenBrady SkjeiEsa Lindell
Time
Total ForwardTotal DefenseLast Minutes OffensiveLast Minutes Defensive
60:00 60:00 0:000:00
Extra Forwards
Normal PowerPlayPenalty Kill
Leon Draisaitl, Sidney Crosby, Filip ForsbergLeon Draisaitl, Filip ForsbergJosh Archibald
Extra Defensemen
Normal PowerPlayPenalty Kill
Brady Skjei, Nathan Beaulieu, Esa LindellNathan Beaulieu, Esa LindellNathan Beaulieu
Penalty Shots
Leon Draisaitl, Filip Forsberg, Teuvo Teravainen, Zach Parise, Jamie Benn
Goalie
Pekka Rinne, Antti Raanta
Custom OT Lines Forwards
Leon Draisaitl, Filip Forsberg, Sidney Crosby, Teuvo Teravainen, Jamie Benn, Denis Gurianov, Alexander Wennberg, Zach Parise, Josh Archibald, Brad Richardson
Custom OT Lines Defensemen
Brady Skjei, Esa Lindell, Nathan Beaulieu, Stephen Johns, Mike Green
Scratches
Fredrik Claesson (Healthy), Ben Street (Healthy), Givani Smith (Healthy), Dan Hamhuis (Head Injury), Beck Warm (Healthy)

Blues

5 vs 5 Forward
Line #Left WingCenterRight WingPHYDFOFWanted %Time %Time Play
1Alex DeBrincatMikael GranlundBobby Ryan0233030%14:29
2Valeri NichushkinTyler BozakMats Zuccarello0233030%14:40
3Micheal FerlandLucas WallmarkEvan Rodrigues1222726%12:33
4Brendan LemieuxNick BjugstadColin Blackwell1221313%6:30
5 vs 5 Defense
Line #DefenseDefensePHYDFOFWanted %Time %Time Play
1Adam FoxCalvin de Haan0323433%16:08
2Tyson BarrieBrett Kulak0323333%15:47
3Vince DunnRadko Gudas0323334%16:17
4Brett KulakCalvin de Haan03200%0:00
Power Play Forward
Line #Left WingCenterRight WingPHYDFOFWanted %Time %Time Play
1Alex DeBrincatMikael GranlundMats Zuccarello0055053%3:13
2Valeri NichushkinTyler BozakBobby Ryan0055047%2:50
Power Play Defense
Line #DefenseDefensePHYDFOFWanted %Time %Time Play
1Adam FoxVince Dunn0235039%2:21
2Tyson BarrieBrett Kulak0235061%3:42
Penalty Kill 4 Players Forward
Line #CenterWingPHYDFOFWanted %Time %Time Play
1Tyler BozakEvan Rodrigues0325050%2:51
2Lucas WallmarkValeri Nichushkin0325050%2:54
Penalty Kill 4 Players Defense
Line #DefenseDefensePHYDFOFWanted %Time %Time Play
1Radko GudasAdam Fox0325049%2:50
2Calvin de HaanTyson Barrie0325051%2:55
Penalty Kill 3 Players
Line #WingPHYDFOFWanted %Time %Time PlayDefenseDefensePHYDFOFWanted %Time %Time Play
1Lucas Wallmark041500%0:00 Radko GudasAdam Fox032500%0:00
2Tyler Bozak041500%0:00 Calvin de HaanTyson Barrie032500%0:00
4 vs 4 Forward
Line #CenterWingPHYDFOFWanted %Time %Time Play
1Mikael GranlundAlex DeBrincat023500%0:00
2Nick BjugstadValeri Nichushkin023500%0:00
4 vs 4 Defense
Line #DefensePHYDFOFWanted %Time %Time Play
1Adam FoxVince Dunn032500%0:00
2Tyson BarrieBrett Kulak032500%0:00
Last Minutes Offensive
Left WingCenterRight WingDefenseDefense
Alex DeBrincatTyler BozakMats ZuccarelloAdam FoxVince Dunn
Last Minutes Defensive
Left WingCenterRight WingDefenseDefense
Evan RodriguesMikael GranlundValeri NichushkinRadko GudasCalvin de Haan
Time
Total ForwardTotal DefenseLast Minutes OffensiveLast Minutes Defensive
60:00 60:00 0:000:00
Extra Forwards
Normal PowerPlayPenalty Kill
Alex DeBrincat, Mats Zuccarello, Valeri NichushkinMats Zuccarello, Alex DeBrincatColin Blackwell
Extra Defensemen
Normal PowerPlayPenalty Kill
Adam Fox, Tyson Barrie, Radko GudasAdam Fox, Radko GudasCalvin de Haan
Penalty Shots
Alex DeBrincat, Mikael Granlund, Bobby Ryan, Mats Zuccarello, Valeri Nichushkin
Goalie
Thomas Greiss, Pavel Francouz
Custom OT Lines Forwards
Bobby Ryan, Alex DeBrincat, Valeri Nichushkin, Mikael Granlund, Mats Zuccarello, Lucas Wallmark, Colin Blackwell, Nick Bjugstad, Evan Rodrigues, Tyler Bozak
Custom OT Lines Defensemen
Adam Fox, Vince Dunn, Calvin de Haan, Radko Gudas, Tyson Barrie
Scratches
Kevin Stenlund (Healthy), Roman Polak (Healthy)


Play-by-Play

1st period


0:01 of 1st period - Mikael Granlund wins face-off versus Leon Draisaitl in neutral zone.
0:25 of 1st period - Shot by Leon Draisaitl.
0:25 of 1st period - Shot Misses the Net.
0:27 of 1st period - Shot by Leon Draisaitl.
0:27 of 1st period - Deflect By Sidney Crosby.
0:27 of 1st period - Stopped by Thomas Greiss without a rebound.
0:28 of 1st period - Tyler Bozak wins face-off versus Jamie Benn in Blues zone.
0:28 of 1st period - Tyler Bozak is hit by Jamie Benn.
0:33 of 1st period - Off-side.
0:34 of 1st period - Alexander Wennberg wins face-off versus Lucas Wallmark in neutral zone.
0:37 of 1st period - Vince Dunn is hit by Zach Parise and loses puck.
0:43 of 1st period - Radko Gudas is hit by Stephen Johns and loses puck.
0:51 of 1st period - Minor Penalty to Stephen Johns for Holding Stick.
0:52 of 1st period - Mikael Granlund wins face-off versus Jamie Benn in Predateurs zone.
1:37 of 1st period - Shot by Tyson Barrie.
1:37 of 1st period - Stopped by Pekka Rinne with a rebound.
2:24 of 1st period - Shot by Adam Fox.
2:24 of 1st period - Deflect By Valeri Nichushkin.
2:24 of 1st period - Shot Misses the Net.
2:54 of 1st period - Evan Rodrigues is hit by Nathan Beaulieu and loses puck.
2:57 of 1st period - Shot by Lucas Wallmark.
2:57 of 1st period - Stopped by Pekka Rinne without a rebound.
2:58 of 1st period - Nick Bjugstad wins face-off versus Alexander Wennberg in Predateurs zone.
3:07 of 1st period - Shot by Alexander Wennberg.
3:07 of 1st period - Shot Hit the Post.
3:09 of 1st period - Shot by Zach Parise.
3:09 of 1st period - Stopped by Thomas Greiss without a rebound.
3:10 of 1st period - Sidney Crosby wins face-off versus Lucas Wallmark in Blues zone.
3:11 of 1st period - Shot by Teuvo Teravainen.
3:11 of 1st period - Shot Misses the Net.
3:19 of 1st period - Shot by Teuvo Teravainen.
3:19 of 1st period - Deflect By Sidney Crosby.
3:19 of 1st period - Shot Misses the Net.
3:31 of 1st period - Shot by Teuvo Teravainen.
3:31 of 1st period - Shot Misses the Net.
3:45 of 1st period - Shot by Leon Draisaitl.
3:45 of 1st period - Shot Misses the Net.
3:54 of 1st period - Icing by Vince Dunn.
3:55 of 1st period - Jamie Benn wins face-off versus Lucas Wallmark in Blues zone.
3:59 of 1st period - Minor Penalty to Jamie Benn for High sticking.
4:00 of 1st period - Tyler Bozak wins face-off versus Trevor Lewis in Predateurs zone.
4:05 of 1st period - Shot by Brett Kulak.
4:05 of 1st period - Goal by Brett Kulak - Predateurs : 0 - Blues : 1.
4:06 of 1st period - Jamie Benn wins face-off versus Valeri Nichushkin in neutral zone.
4:12 of 1st period - Valeri Nichushkin is hit by Jamie Benn and loses puck.
4:37 of 1st period - Brett Kulak is hit by Filip Forsberg and loses puck.
4:53 of 1st period - Tyson Barrie is hit by Nathan Beaulieu and loses puck.
5:00 of 1st period - Brett Kulak is hit by Jamie Benn and loses puck.
5:32 of 1st period - Bobby Ryan is hit by Esa Lindell and loses puck.
5:35 of 1st period - Shot by Mikael Granlund.
5:35 of 1st period - Stopped by Pekka Rinne without a rebound.
5:36 of 1st period - Nick Bjugstad wins face-off versus Alexander Wennberg in Predateurs zone.
5:45 of 1st period - Shot by Colin Blackwell.
5:45 of 1st period - Shot Misses the Net.
5:47 of 1st period - Shot by Radko Gudas.
5:47 of 1st period - Goal by Radko Gudas - Predateurs : 0 - Blues : 2.
5:48 of 1st period - Sidney Crosby wins face-off versus Mikael Granlund in neutral zone.
6:07 of 1st period - Shot by Teuvo Teravainen.
6:07 of 1st period - Stopped by Thomas Greiss without a rebound.
6:08 of 1st period - Lucas Wallmark wins face-off versus Alexander Wennberg in Blues zone.
6:13 of 1st period - Shot by Evan Rodrigues.
6:13 of 1st period - Shot Misses the Net.
6:48 of 1st period - Icing by Vince Dunn.
6:49 of 1st period - Lucas Wallmark wins face-off versus Jamie Benn in Blues zone.
7:14 of 1st period - Icing by Tyson Barrie.
7:15 of 1st period - Brad Richardson wins face-off versus Mikael Granlund in Blues zone.
7:20 of 1st period - Shot by Josh Archibald.
7:20 of 1st period - Shot Blocked by Brett Kulak.
8:24 of 1st period - Shot by Filip Forsberg.
8:24 of 1st period - Shot Misses the Net.
8:36 of 1st period - Off-side.
8:37 of 1st period - Nick Bjugstad wins face-off versus Sidney Crosby in neutral zone.
8:44 of 1st period - Vince Dunn is hit by Sidney Crosby.
8:58 of 1st period - Shot by Nick Bjugstad.
8:58 of 1st period - Shot Misses the Net.
9:13 of 1st period - Minor Penalty to Stephen Johns for Tripping.
9:14 of 1st period - Trevor Lewis wins face-off versus Mikael Granlund in Predateurs zone.
9:26 of 1st period - Off-side.
9:27 of 1st period - Trevor Lewis wins face-off versus Tyler Bozak in neutral zone.
9:45 of 1st period - Bobby Ryan is hit by Mike Green and loses puck.
10:28 of 1st period - Shot by Alex DeBrincat.
10:28 of 1st period - Deflect By Mats Zuccarello.
10:28 of 1st period - Stopped by Pekka Rinne without a rebound.
10:29 of 1st period - Trevor Lewis wins face-off versus Mikael Granlund in Predateurs zone.
11:50 of 1st period - Icing by Alexander Wennberg.
11:51 of 1st period - Nick Bjugstad wins face-off versus Alexander Wennberg in Predateurs zone.
11:52 of 1st period - Shot by Radko Gudas.
11:52 of 1st period - Stopped by Pekka Rinne without a rebound.
11:53 of 1st period - Sidney Crosby wins face-off versus Nick Bjugstad in Predateurs zone.
12:09 of 1st period - Shot by Nick Bjugstad.
12:09 of 1st period - Stopped by Pekka Rinne with a rebound.
12:29 of 1st period - Shot by Leon Draisaitl.
12:29 of 1st period - Stopped by Thomas Greiss with a rebound.
12:47 of 1st period - Shot by Denis Gurianov.
12:47 of 1st period - Deflect By Filip Forsberg.
12:47 of 1st period - Goal by Filip Forsberg - Predateurs : 1 - Blues : 2.
12:48 of 1st period - Valeri Nichushkin wins face-off versus Denis Gurianov in neutral zone.
13:17 of 1st period - Mats Zuccarello is hit by Brady Skjei and loses puck.
13:20 of 1st period - Shot by Tyler Bozak.
13:20 of 1st period - Shot Misses the Net.
13:24 of 1st period - Shot by Mats Zuccarello.
13:24 of 1st period - Shot Hit the Post.
13:26 of 1st period - Shot by Valeri Nichushkin.
13:26 of 1st period - Stopped by Pekka Rinne without a rebound.
13:27 of 1st period - Bobby Ryan wins face-off versus Alexander Wennberg in Predateurs zone.
13:27 of 1st period - Bobby Ryan is hit by Nathan Beaulieu.
13:39 of 1st period - Shot by Alex DeBrincat.
13:39 of 1st period - Shot Misses the Net.
13:43 of 1st period - Shot by Bobby Ryan.
13:43 of 1st period - Shot Blocked by Zach Parise.
14:15 of 1st period - Minor Penalty to Nathan Beaulieu for Hooking.
14:16 of 1st period - Jamie Benn wins face-off versus Tyler Bozak in Predateurs zone.
14:43 of 1st period - Esa Lindell is hit by Bobby Ryan and loses puck.
15:18 of 1st period - Shot by Alex DeBrincat.
15:18 of 1st period - Shot Misses the Net.
15:29 of 1st period - Mikael Granlund is hit by Esa Lindell and loses puck.
15:45 of 1st period - Vince Dunn is hit by Filip Forsberg and loses puck.
16:38 of 1st period - Shot by Leon Draisaitl.
16:38 of 1st period - Shot Misses the Net.
16:40 of 1st period - Shot by Justin Schultz.
16:40 of 1st period - Stopped by Thomas Greiss without a rebound.
16:41 of 1st period - Alexander Wennberg wins face-off versus Lucas Wallmark in Blues zone.
17:37 of 1st period - Icing by Calvin de Haan.
17:38 of 1st period - Lucas Wallmark wins face-off versus Jamie Benn in Blues zone.
17:42 of 1st period - Off-side.
17:43 of 1st period - Jamie Benn wins face-off versus Tyler Bozak in neutral zone.
17:56 of 1st period - Shot by Jamie Benn.
17:56 of 1st period - Stopped by Thomas Greiss without a rebound.
17:57 of 1st period - Sidney Crosby wins face-off versus Mikael Granlund in Blues zone.
18:10 of 1st period - Shot by Radko Gudas.
18:10 of 1st period - Shot Misses the Net.
18:12 of 1st period - Shot by Mikael Granlund.
18:12 of 1st period - Stopped by Pekka Rinne without a rebound.
18:13 of 1st period - Filip Forsberg wins face-off versus Tyler Bozak in Predateurs zone.
18:30 of 1st period - Shot by Tyler Bozak.
18:30 of 1st period - Stopped by Pekka Rinne without a rebound.
18:31 of 1st period - Mikael Granlund wins face-off versus Leon Draisaitl in Predateurs zone.
18:36 of 1st period - Shot by Alex DeBrincat.
18:36 of 1st period - Shot Blocked by Brady Skjei.
18:45 of 1st period - Esa Lindell is hit by Radko Gudas.
18:49 of 1st period - Shot by Sidney Crosby.
18:49 of 1st period - Stopped by Thomas Greiss without a rebound.
18:50 of 1st period - Tyler Bozak wins face-off versus Jamie Benn in Blues zone.
19:27 of 1st period - Shot by Denis Gurianov.
19:27 of 1st period - Stopped by Thomas Greiss without a rebound.
19:28 of 1st period - Teuvo Teravainen wins face-off versus Mikael Granlund in Blues zone.
19:28 of 1st period - Teuvo Teravainen is hit by Calvin de Haan.
19:38 of 1st period - Icing by Adam Fox.
19:39 of 1st period - Brad Richardson wins face-off versus Mikael Granlund in Blues zone.
19:39 of 1st period - Brad Richardson is hit by Calvin de Haan.
Goals for this period are 1 for Predateurs vs 2 for Blues.
Shots for this period are 9 for Predateurs vs 11 for Blues.

2nd period


0:01 of 2nd period - Jamie Benn wins face-off versus Tyler Bozak in neutral zone.
0:27 of 2nd period - Shot by Jamie Benn.
0:27 of 2nd period - Stopped by Thomas Greiss without a rebound.
0:28 of 2nd period - Mikael Granlund wins face-off versus Sidney Crosby in Blues zone.
0:42 of 2nd period - Sidney Crosby is hit by Calvin de Haan and loses puck.
1:57 of 2nd period - Icing by Tyson Barrie.
1:58 of 2nd period - Brad Richardson wins face-off versus Tyler Bozak in Blues zone.
2:36 of 2nd period - Josh Archibald is hit by Radko Gudas and loses puck.
4:18 of 2nd period - Shot by Colin Blackwell.
4:18 of 2nd period - Shot Blocked by Esa Lindell.
4:34 of 2nd period - Nathan Beaulieu is hit by Brendan Lemieux and loses puck.
4:42 of 2nd period - Icing by Zach Parise.
4:43 of 2nd period - Alexander Wennberg wins face-off versus Tyler Bozak in Predateurs zone.
5:50 of 2nd period - Shot by Leon Draisaitl.
5:50 of 2nd period - Stopped by Thomas Greiss without a rebound.
5:51 of 2nd period - Josh Archibald wins face-off versus Lucas Wallmark in Blues zone.
5:53 of 2nd period - Brad Richardson is hit by Brett Kulak and loses puck.
6:10 of 2nd period - Shot by Micheal Ferland.
6:10 of 2nd period - Shot Misses the Net.
6:12 of 2nd period - Shot by Micheal Ferland.
6:12 of 2nd period - Goal by Micheal Ferland - Predateurs : 1 - Blues : 3.
6:13 of 2nd period - Mikael Granlund wins face-off versus Sidney Crosby in neutral zone.
6:48 of 2nd period - Shot by Calvin de Haan.
6:48 of 2nd period - Stopped by Pekka Rinne without a rebound.
6:49 of 2nd period - Ross Colton wins face-off versus Lucas Wallmark in Predateurs zone.
7:19 of 2nd period - Brady Skjei is hit by Lucas Wallmark.
8:19 of 2nd period - Shot by Leon Draisaitl.
8:19 of 2nd period - Shot Blocked by Vince Dunn.
8:49 of 2nd period - Vince Dunn is hit by Nathan Beaulieu and loses puck.
8:53 of 2nd period - Icing by Justin Schultz.
8:54 of 2nd period - Mikael Granlund wins face-off versus Jamie Benn in Predateurs zone.
9:35 of 2nd period - Mikael Granlund is hit by Jamie Benn and loses puck.
10:07 of 2nd period - Icing by Brad Richardson.
10:08 of 2nd period - Lucas Wallmark wins face-off versus Brad Richardson in Predateurs zone.
10:47 of 2nd period - Esa Lindell is hit by Micheal Ferland and loses puck.
10:55 of 2nd period - Icing by Brady Skjei.
10:56 of 2nd period - Tyler Bozak wins face-off versus Brad Richardson in Predateurs zone.
11:00 of 2nd period - Tyler Bozak is hit by Brady Skjei and loses puck.
11:33 of 2nd period - Shot by Valeri Nichushkin.
11:33 of 2nd period - Shot Misses the Net.
11:50 of 2nd period - Icing by Stephen Johns.
11:51 of 2nd period - Sidney Crosby wins face-off versus Colin Blackwell in Predateurs zone.
11:56 of 2nd period - Shot by Leon Draisaitl.
11:56 of 2nd period - Shot Blocked by Adam Fox.
12:22 of 2nd period - Shot by Filip Forsberg.
12:22 of 2nd period - Shot Misses the Net.
12:27 of 2nd period - Minor Penalty to Adam Fox for Hooking.
12:28 of 2nd period - Tyler Bozak wins face-off versus Jamie Benn in Blues zone.
12:28 of 2nd period - Tyler Bozak is hit by Jamie Benn.
12:44 of 2nd period - Shot by Denis Gurianov.
12:44 of 2nd period - Stopped by Thomas Greiss with a rebound.
12:46 of 2nd period - Shot by Nathan Beaulieu.
12:46 of 2nd period - Stopped by Thomas Greiss without a rebound.
12:47 of 2nd period - Jamie Benn wins face-off versus Lucas Wallmark in Blues zone.
12:50 of 2nd period - Shot by Denis Gurianov.
12:50 of 2nd period - Shot Misses the Net.
13:10 of 2nd period - Shot by Esa Lindell.
13:10 of 2nd period - Stopped by Thomas Greiss without a rebound.
13:11 of 2nd period - Sidney Crosby wins face-off versus Lucas Wallmark in Blues zone.
13:22 of 2nd period - Shot by Nathan Beaulieu.
13:22 of 2nd period - Shot Misses the Net.
14:14 of 2nd period - Shot by Filip Forsberg.
14:14 of 2nd period - Goal by Filip Forsberg - Predateurs : 2 - Blues : 3.
14:15 of 2nd period - Mikael Granlund wins face-off versus Alexander Wennberg in neutral zone.
14:37 of 2nd period - Off-side.
14:38 of 2nd period - Jamie Benn wins face-off versus Lucas Wallmark in neutral zone.
14:38 of 2nd period - Mike Green is hit by Micheal Ferland and loses puck.
14:45 of 2nd period - Shot by Lucas Wallmark.
14:45 of 2nd period - Stopped by Pekka Rinne with a rebound.
14:47 of 2nd period - Shot by Micheal Ferland.
14:47 of 2nd period - Deflect By Evan Rodrigues.
14:47 of 2nd period - Stopped by Pekka Rinne with a rebound.
14:49 of 2nd period - Shot by Evan Rodrigues.
14:49 of 2nd period - Stopped by Pekka Rinne without a rebound.
14:50 of 2nd period - Brad Richardson wins face-off versus Mikael Granlund in Predateurs zone.
14:54 of 2nd period - Brady Skjei is hit by Radko Gudas and loses puck.
14:59 of 2nd period - Shot by Josh Archibald.
14:59 of 2nd period - Stopped by Thomas Greiss without a rebound.
14:59 of 2nd period - Minor Penalty to Radko Gudas for Hooking.
15:00 of 2nd period - Lucas Wallmark wins face-off versus Jamie Benn in Blues zone.
15:00 of 2nd period - Lucas Wallmark is hit by Filip Forsberg.
16:14 of 2nd period - Shot by Sidney Crosby.
16:14 of 2nd period - Shot Blocked by Calvin de Haan.
17:09 of 2nd period - Icing by Alexander Wennberg.
17:10 of 2nd period - Nick Bjugstad wins face-off versus Zach Parise in Predateurs zone.
17:11 of 2nd period - Shot by Vince Dunn.
17:11 of 2nd period - Shot Misses the Net.
19:11 of 2nd period - Icing by Calvin de Haan.
19:12 of 2nd period - Evan Rodrigues wins face-off versus Sidney Crosby in Blues zone.
19:27 of 2nd period - Shot by Micheal Ferland.
19:27 of 2nd period - Goal by Micheal Ferland - Predateurs : 2 - Blues : 4.
19:27 of 2nd period - Antti Raanta enters game.
19:28 of 2nd period - Tyler Bozak wins face-off versus Alexander Wennberg in neutral zone.
19:34 of 2nd period - Off-side.
19:35 of 2nd period - Tyler Bozak wins face-off versus Jamie Benn in neutral zone.
Goals for this period are 1 for Predateurs vs 2 for Blues.
Shots for this period are 7 for Predateurs vs 6 for Blues.

3rd period


0:01 of 3rd period - Sidney Crosby wins face-off versus Lucas Wallmark in neutral zone.
0:19 of 3rd period - Shot by Sidney Crosby.
0:19 of 3rd period - Stopped by Thomas Greiss without a rebound.
0:20 of 3rd period - Tyler Bozak wins face-off versus Jamie Benn in Blues zone.
0:33 of 3rd period - Shot by Jamie Benn.
0:33 of 3rd period - Shot Misses the Net.
0:43 of 3rd period - Shot by Mats Zuccarello.
0:43 of 3rd period - Stopped by Antti Raanta without a rebound.
0:44 of 3rd period - Lucas Wallmark wins face-off versus Sidney Crosby in Predateurs zone.
0:54 of 3rd period - Leon Draisaitl is hit by Tyson Barrie and loses puck.
1:57 of 3rd period - Valeri Nichushkin is hit by Denis Gurianov and loses puck.
2:04 of 3rd period - Filip Forsberg is hit by Valeri Nichushkin and loses puck.
2:26 of 3rd period - Shot by Valeri Nichushkin.
2:26 of 3rd period - Shot Blocked by Nathan Beaulieu.
2:44 of 3rd period - Stephen Johns is hit by Alex DeBrincat and loses puck.
2:50 of 3rd period - Zach Parise is hit by Radko Gudas.
3:00 of 3rd period - Shot by Alexander Wennberg.
3:00 of 3rd period - Stopped by Thomas Greiss with a rebound.
3:15 of 3rd period - Icing by Stephen Johns.
3:16 of 3rd period - Alexander Wennberg wins face-off versus Nick Bjugstad in Predateurs zone.
3:48 of 3rd period - Alexander Wennberg is hit by Brendan Lemieux.
4:30 of 3rd period - Icing by Adam Fox.
4:31 of 3rd period - Tyler Bozak wins face-off versus Sidney Crosby in Blues zone.
4:49 of 3rd period - Shot by Valeri Nichushkin.
4:49 of 3rd period - Shot Blocked by Brady Skjei.
5:18 of 3rd period - Shot by Alex DeBrincat.
5:18 of 3rd period - Shot Misses the Net.
5:20 of 3rd period - Shot by Bobby Ryan.
5:20 of 3rd period - Stopped by Antti Raanta without a rebound.
5:21 of 3rd period - Lucas Wallmark wins face-off versus Filip Forsberg in Predateurs zone.
5:26 of 3rd period - Shot by Evan Rodrigues.
5:26 of 3rd period - Deflect By Micheal Ferland.
5:26 of 3rd period - Shot Blocked by Justin Schultz.
5:26 of 3rd period - Justin Schultz from Predateurs is injured at 5:26 of 3rd period (Lower Body).
5:27 of 3rd period - Jamie Benn wins face-off versus Lucas Wallmark in Predateurs zone.
5:27 of 3rd period - Jamie Benn is hit by Micheal Ferland.
5:37 of 3rd period - Shot by Micheal Ferland.
5:37 of 3rd period - Deflect By Evan Rodrigues.
5:37 of 3rd period - Stopped by Antti Raanta without a rebound.
5:38 of 3rd period - Mikael Granlund wins face-off versus Josh Archibald in Predateurs zone.
5:41 of 3rd period - Shot by Mikael Granlund.
5:41 of 3rd period - Stopped by Antti Raanta without a rebound.
5:42 of 3rd period - Jamie Benn wins face-off versus Mikael Granlund in Predateurs zone.
6:27 of 3rd period - Bobby Ryan is hit by Brady Skjei and loses puck.
6:45 of 3rd period - Icing by Adam Fox.
6:46 of 3rd period - Sidney Crosby wins face-off versus Lucas Wallmark in Blues zone.
8:11 of 3rd period - Leon Draisaitl is hit by Brett Kulak and loses puck.
8:34 of 3rd period - Icing by Stephen Johns.
8:35 of 3rd period - Mikael Granlund wins face-off versus Sidney Crosby in Predateurs zone.
8:43 of 3rd period - Shot by Mikael Granlund.
8:43 of 3rd period - Stopped by Antti Raanta without a rebound.
8:44 of 3rd period - Mikael Granlund wins face-off versus Jamie Benn in Predateurs zone.
8:53 of 3rd period - Brady Skjei is hit by Bobby Ryan and loses puck.
9:22 of 3rd period - Icing by Filip Forsberg.
9:23 of 3rd period - Jamie Benn wins face-off versus Lucas Wallmark in Predateurs zone.
10:25 of 3rd period - Shot by Alexander Wennberg.
10:25 of 3rd period - Stopped by Thomas Greiss without a rebound.
10:26 of 3rd period - Alexander Wennberg wins face-off versus Mikael Granlund in Blues zone.
12:10 of 3rd period - Shot by Leon Draisaitl.
12:10 of 3rd period - Stopped by Thomas Greiss without a rebound.
12:11 of 3rd period - Brad Richardson wins face-off versus Lucas Wallmark in Blues zone.
12:46 of 3rd period - Josh Archibald is hit by Micheal Ferland and loses puck.
12:54 of 3rd period - Icing by Brady Skjei.
12:55 of 3rd period - Brad Richardson wins face-off versus Mikael Granlund in Predateurs zone.
12:55 of 3rd period - Brad Richardson is hit by Bobby Ryan.
13:14 of 3rd period - Icing by Radko Gudas.
13:15 of 3rd period - Mikael Granlund wins face-off versus Jamie Benn in Blues zone.
13:35 of 3rd period - Icing by Nathan Beaulieu.
13:36 of 3rd period - Jamie Benn wins face-off versus Tyler Bozak in Predateurs zone.
13:52 of 3rd period - Icing by Stephen Johns.
13:53 of 3rd period - Lucas Wallmark wins face-off versus Jamie Benn in Predateurs zone.
13:53 of 3rd period - Lucas Wallmark is hit by Nathan Beaulieu.
15:01 of 3rd period - Icing by Esa Lindell.
15:02 of 3rd period - Sidney Crosby wins face-off versus Mikael Granlund in Predateurs zone.
15:02 of 3rd period - Sidney Crosby is hit by Alex DeBrincat.
15:07 of 3rd period - Icing by Brady Skjei.
15:08 of 3rd period - Tyler Bozak wins face-off versus Sidney Crosby in Predateurs zone.
15:15 of 3rd period - Shot by Valeri Nichushkin.
15:15 of 3rd period - Goal by Valeri Nichushkin - Predateurs : 2 - Blues : 5.
15:16 of 3rd period - Mikael Granlund wins face-off versus Alexander Wennberg in neutral zone.
15:22 of 3rd period - Off-side.
15:23 of 3rd period - Alexander Wennberg wins face-off versus Tyler Bozak in neutral zone.
15:43 of 3rd period - Off-side.
15:44 of 3rd period - Sidney Crosby wins face-off versus Mikael Granlund in neutral zone.
15:46 of 3rd period - Leon Draisaitl is hit by Radko Gudas and loses puck.
15:59 of 3rd period - Shot by Radko Gudas.
15:59 of 3rd period - Shot Blocked by Nathan Beaulieu.
16:01 of 3rd period - Shot by Mikael Granlund.
16:01 of 3rd period - Stopped by Antti Raanta without a rebound.
16:02 of 3rd period - Brad Richardson wins face-off versus Tyler Bozak in Predateurs zone.
16:04 of 3rd period - Icing by Mike Green.
16:05 of 3rd period - Brad Richardson wins face-off versus Mikael Granlund in Predateurs zone.
16:07 of 3rd period - Josh Archibald is hit by Mikael Granlund and loses puck.
16:09 of 3rd period - Minor Penalty to Alex DeBrincat for Hooking.
16:10 of 3rd period - Lucas Wallmark wins face-off versus Sidney Crosby in Blues zone.
17:13 of 3rd period - Icing by Nathan Beaulieu.
17:14 of 3rd period - Lucas Wallmark wins face-off versus Jamie Benn in Predateurs zone.
17:47 of 3rd period - Shot by Filip Forsberg.
17:47 of 3rd period - Shot Misses the Net.
18:17 of 3rd period - Icing by Radko Gudas.
18:18 of 3rd period - Nick Bjugstad wins face-off versus Brad Richardson in Blues zone.
18:18 of 3rd period - Nick Bjugstad is hit by Trevor Lewis.
18:21 of 3rd period - Vince Dunn is hit by Josh Archibald and loses puck.
18:53 of 3rd period - Nick Bjugstad is hit by Josh Archibald and loses puck.
19:27 of 3rd period - Shot by Sidney Crosby.
19:27 of 3rd period - Shot Misses the Net.
19:33 of 3rd period - Nathan Beaulieu is hit by Tyler Bozak and loses puck.
19:40 of 3rd period - Shot by Valeri Nichushkin.
19:40 of 3rd period - Stopped by Antti Raanta with a rebound.
19:43 of 3rd period - Icing by Teuvo Teravainen.
19:44 of 3rd period - Mikael Granlund wins face-off versus Sidney Crosby in Predateurs zone.
19:52 of 3rd period - Mikael Granlund is hit by Stephen Johns and loses puck.
Goals for this period are 0 for Predateurs vs 1 for Blues.
Shots for this period are 4 for Predateurs vs 8 for Blues.